 Dungeon Crawl Stone Soup version 0.30-a0-58-gc0703345a7 (webtiles) character file.

Game seed: 16860962473880749462

10440 porpoise the Grappler (level 11, -8/109 HPs)
             Began as a Troll Brigand on Sept 12, 2022.
             Was a Follower of Ru.
             Shot with an arrow by a centaur warrior (11 damage)
             ... on level 10 of the Dungeon.
             The game lasted 00:33:52 (8136 turns).

porpoise the Grappler (Troll Brigand)               Turns: 8136, Time: 00:33:52

Health: -8/109     AC:  6    Str: 19 (21) XL:     11   Next: 36%
Magic:  10/10      EV: 10    Int:  5 (7)  God:    Ru [*.....]
Gold:   497        SH:  9    Dex: 14 (15) Spells: 7/10 levels left

rFire   . . .      SeeInvis +      - Unarmed
rCold   . . .      Faith    .    C - +0 kite shield
rNeg    . . .      Spirit   .    x - +0 robe
rPois   .          Reflect  .    (helmet restricted)
rElec   .          Harm     .    c - +1 cloak
rCorr   +          Rampage  .    (gloves unavailable)
Will    .....                    (boots unavailable)
Stlth   ++........               (no amulet)
HPRegen 1.08/turn                o - ring of resist corrosion
MPRegen 0.12/turn                s - ring of see invisible

@: slowed, unable to read, very slow
A: large, unfitting armour, claws 3, regeneration 1, shaggy fur 1, tough skin 1,
inability to read after injury 2
a: Renounce Religion


You were on level 10 of the Dungeon.
You worshipped Ru.
Ru was aware of your devotion.
You visited 1 branch of the dungeon, and saw 10 of its levels.
You also visited: Sewer.

You collected 497 gold pieces.

Inventory:

Hand Weapons
 b - a +0 sling
 w - a +3 flail of protection
Missiles
 d - 46 poisoned darts (quivered)
 e - 5 curare-tipped darts
 q - 2 silver boomerangs
 r - 6 boomerangs
 u - 2 throwing nets
Armour
 c - a +1 cloak (worn)
 m - an orb of mayhem
 x - a +0 robe (worn)
 C - a +0 kite shield (worn)
Jewellery
 o - a ring of resist corrosion (left claw)
 s - a ring of see invisible (right claw)
Scrolls
 a - 3 scrolls of teleportation
 i - a scroll of enchant armour
 n - a scroll of immolation
 p - a scroll of enchant weapon {unknown}
 t - a scroll of fog
 v - a scroll of poison {unknown}
 y - a scroll of noise
 A - a scroll of blinking
 D - a scroll of amnesia
 F - a scroll of fear {unknown}
 G - 2 scrolls of magic mapping
 H - a scroll of silence {unknown}
 L - a scroll of torment {unknown}
Potions
 f - 3 potions of brilliance
 j - 6 potions of curing
 k - 2 potions of mutation
 l - 3 potions of invisibility
 K - a potion of attraction
 M - a potion of lignification {unknown}
Miscellaneous
 g - a tin of tremorstones (2/2)
 h - a piece from Xom's chessboard (15/15)


   Skills:
 - Level 7.0 Fighting
 - Level 1.5 Short Blades
 - Level 1.7 Throwing
 + Level 5.4 Dodging
 - Level 2.1 Stealth
 + Level 5.8 Shields
 + Level 13.2 Unarmed Combat


You had 7 spell levels left.
You knew the following spells:

 Your Spells              Type           Power      Damage    Failure   Level
a - Beastly Appendage     Tmut           0%         N/A       75%         1
w - Wereblood             Tmut           0%         N/A       86%         2

Your spell library contained the following spells:

 Spells                   Type           Power      Damage    Failure   Level
 Apportation              Tloc           0%         N/A       75%         1
 Ensorcelled Hibernation  Hex/Ice        0%         N/A       86%         2
 Poisonous Vapours        Pois/Air       0%         N/A       86%         2
 Ozocubu's Armour         Ice            0%         N/A       98%         3
 Portal Projectile        Hex/Tloc       0%         N/A       98%         3
 Spider Form              Tmut/Pois      0%         N/A       98%         3
 Tukima's Dance           Hex            0%         N/A       98%         3
 Anguish                  Hex/Necr       0%         N/A       100%        4
 Corpse Rot               Necr/Pois/Air  0%         N/A       100%        4
 Alistair's Intoxication  Tmut/Pois      0%         N/A       100%        5
 Blade Hands              Tmut           0%         N/A       100%        5
 Metabolic Englaciation   Hex/Ice        0%         N/A       100%        5
 Simulacrum               Ice/Necr       0%         N/A       100%        6


Dungeon Overview and Level Annotations

Branches:
Dungeon (10/15)            Temple (0/1) D:6             Orc (0/2) D:10
  Sewer (visited)
   Lair: D:8-11

Altars:
Ashenzari
Elyvilon
Ru
Wu Jian

Shops:
D:6 =   D:9 *

Annotations:
D:6 1 runed translucent door, crescentfresh's ghost, novice OpVM


Innate Abilities, Weirdness & Mutations

You are too large for most types of armour.
You have claws for hands.
Your natural rate of healing is unusually fast.
You are covered in fur. (AC +1)
You have tough skin. (AC +1)
You sometimes lose the ability to read scrolls when taking damage.


Message History

The slime creature hits you!!
A manticore comes into view.
You mangle the centaur warrior!!
The centaur warrior is heavily wounded.
The centaur warrior unwields a +0 longbow.
The centaur warrior barely misses you. The centaur warrior kicks you.
The slime creature hits you but does no damage.
You block the freezing wraith's attack. x2
You mangle the centaur warrior!!
The centaur warrior is almost dead.
The centaur warrior hits you!
You feel threatened and lose the ability to read scrolls!
The centaur warrior kicks you. The centaur warrior hits you!
You block the centaur warrior's attack.
You scratch the centaur warrior.
The centaur warrior is almost dead.
You block the slime creature's attack. The freezing wraith hits you.
The freezing wraith freezes you! You block the freezing wraith's attack.
You mangle the centaur warrior!!
You kill the centaur warrior!
You block the freezing wraith's attack. The freezing wraith hits you!
The freezing wraith drains your vigour!
You feel yourself slow down.
A deep elf pyromancer comes into view. It is wielding a +0 dagger.
The slime creature hits you!
* * * LOW HITPOINT WARNING * * *
You feel your strength returning.
The centaur warrior attacks as you move away!
The centaur warrior hits you.
* * * LOW HITPOINT WARNING * * *
The centaur warrior kicks you but does no damage.
The centaur warrior wields a +0 shortbow.
The centaur warrior shoots an arrow.
The arrow hits you!!
* * * LOW HITPOINT WARNING * * *
You block the slime creature's attack. You block the freezing wraith's attack.
The freezing wraith hits you but does no damage.
Unknown command.
The slime creature attacks as you move away!
The slime creature is stunned by your conviction and fails to attack.
The centaur warrior shoots an arrow.
The arrow hits you!
You die... #..### ### ... #.[ .. .. ##.. #.# e###. ..... ##.# #...# #..> ###..# #Q/H# #....#....# #cWJ#

#....#.#..#####.##
##............##@#
......#.#........#
#....>#.#.....####
......#.#.....#
........####.##
........# #.#
........# #.#
....)<..# #.#
........# #.


You could see a slime creature, a tengu warrior, a centaur warrior, a manticore,
a freezing wraith and a deep elf pyromancer.

Vanquished Creatures
  4 two-headed ogres
  A centaur warrior (D:10)
  A skeletal warrior (D:9)
  2 ugly things (D:9)
  An oklob plant (D:8)
  A komodo dragon (D:9)
  Grinder (Sewer)
  A shadow (D:9)
  2 wyverns
  8 yaks
  A vampire mosquito (D:9)
  A steam dragon (D:7)
  2 water moccasins
  A black bear (D:8)
  An orc warrior (D:7)
  3 ogres
  4 centaurs
  2 phantoms
  6 kobold brigands
  5 bullfrogs
  2 necrophages (D:7)
  3 gnoll sergeants
  3 wights (D:8)
  3 killer bees (D:8)
  An electric eel (D:6)
  A quasit (Sewer)
  3 hounds
  6 jellies (D:8)
  5 orc priests
  A gnoll bouda (D:7)
  6 iguanas
  8 orc wizards
  6 gnolls
  8 adders
  3 shadow imps (D:6)
  A white imp (D:5)
  4 ufetubi
  3 worms (D:2)
  A dart slug (D:2)
  27 orcs
  9 ball pythons
  20 endoplasms
  7 giant cockroaches
  10 goblins
  5 hobgoblins
  2 jackals (D:1)
  11 quokkas
  3 bats
  5 frilled lizards
  29 kobolds
  A kobold zombie (Sewer)
  A rat (D:3)
246 creatures vanquished.

Vanquished Creatures (others)
  A kobold (D:6)
  10 fungi (D:8)
  18 plants
29 creatures vanquished.

Grand Total: 275 creatures vanquished

Notes
Turn   | Place    | Note
-------+----------+-------------------------------------------
     0 | D:1      | porpoise the Troll Brigand began the quest for the Orb.
     0 | D:1      | Reached XP level 1. HP: 19/19 MP: 0/0
    41 | D:1      | Reached skill level 1 in Unarmed Combat
    80 | D:1      | Reached XP level 2. HP: 28/28 MP: 1/1
   444 | D:1      | Reached skill level 2 in Unarmed Combat
   444 | D:1      | Reached XP level 3. HP: 29/35 MP: 2/2
   938 | D:2      | Reached skill level 3 in Unarmed Combat
   938 | D:2      | Reached XP level 4. HP: 38/44 MP: 3/3
  1243 | D:3      | Found a faded altar of an unknown god.
  1814 | D:4      | Reached XP level 5. HP: 50/50 MP: 4/4
  1994 | D:4      | Noticed an ogre
  1995 | D:4      | Reached skill level 4 in Unarmed Combat
  2004 | D:4      | Killed an ogre
  2060 | D:4      | Found a sacrificial altar of Ru.
  2081 | D:4      | Became a worshipper of Ru the Awakened
  2436 | D:5      | Entered Level 5 of the Dungeon
  2457 | D:5      | Reached XP level 6. HP: 51/61 MP: 5/5
  2489 | D:5      | Reached skill level 5 in Unarmed Combat
  2740 | D:5      | Found an ornate altar of the Wu Jian Council.
  3271 | D:6      | Found Mumeizank's Jewellery Emporium.
  3283 | D:6      | Reached skill level 6 in Unarmed Combat
  3283 | D:6      | Reached XP level 7. HP: 64/68 MP: 6/6
  3320 | D:6      | Found a glowing drain.
  3335 | Sewer    | Entered a sewer
  3519 | Sewer    | Found a burning altar of Makhleb.
  3564 | Sewer    | Reached skill level 7 in Unarmed Combat
  3633 | Sewer    | Noticed Grinder
  3651 | Sewer    | Killed Grinder
  3652 | Sewer    | Reached XP level 8. HP: 66/79 MP: 7/7
  3752 | D:6      | Reached skill level 8 in Unarmed Combat
  3835 | D:6      | Reached skill level 5 in Fighting
  4093 | D:6      | Found a runed translucent door.
  4094 | D:6      | Noticed crescentfresh's ghost (novice OpVM)
  4362 | D:6      | Found a staircase to the Ecumenical Temple.
  4701 | D:7      | Reached skill level 9 in Unarmed Combat
  5047 | D:7      | Reached XP level 9. HP: 77/89 MP: 8/8
  5369 | D:7      | Reached skill level 10 in Unarmed Combat
  5554 | D:8      | Noticed a two-headed ogre
  5580 | D:8      | Killed a two-headed ogre
  5581 | D:8      | Reached skill level 11 in Unarmed Combat
  5748 | D:8      | Reached skill level 1 in Dodging
  5753 | D:8      | Reached skill level 1 in Shields
  5753 | D:8      | Reached XP level 10. HP: 55/102 MP: 9/9
  6093 | D:8      | Learned a level 2 spell: Wereblood
  6095 | D:8      | Learned a level 1 spell: Beastly Appendage
  6187 | D:8      | Noticed an oklob plant
  6234 | D:8      | Killed an oklob plant
  6235 | D:8      | Reached skill level 12 in Unarmed Combat
  6501 | D:9      | Gained mutation: You occasionally lose the ability to read
                  | scrolls when taking damage. [Ru sacrifice]
  6501 | D:9      | Gained mutation: You sometimes lose the ability to read
                  | scrolls when taking damage. [Ru sacrifice]
  6501 | D:9      | Reached * piety under Ru
  6619 | D:9      | Noticed a two-headed ogre
  6637 | D:9      | Killed a two-headed ogre
  6718 | D:9      | Found Eleolienomm's General Store.
  7102 | D:9      | Noticed a two-headed ogre
  7107 | D:9      | Noticed a skeletal warrior
  7111 | D:9      | Killed a two-headed ogre
  7228 | D:9      | Noticed a two-headed ogre
  7240 | D:9      | Killed a two-headed ogre
  7277 | D:9      | Identified the +2 ring mail of Rery {Rampage MP+9}
  7336 | D:9      | Found a broken altar of Ashenzari.
  7336 | D:9      | Found a white marble altar of Elyvilon.
  7382 | D:9      | Reached XP level 11. HP: 107/109 MP: 10/10
  7423 | D:9      | Killed a skeletal warrior
  7424 | D:9      | Reached skill level 5 in Shields
  7674 | D:9      | Noticed a white ugly thing
  7678 | D:9      | Noticed a cyan ugly thing
  7705 | D:9      | Killed a brown ugly thing
  7706 | D:9      | Reached skill level 5 in Dodging
  7706 | D:9      | Reached skill level 13 in Unarmed Combat
  7708 | D:9      | Killed a brown ugly thing
  8021 | D:10     | Entered Level 10 of the Dungeon
  8115 | D:10     | Found a staircase to the Orcish Mines.
  8127 | D:10     | Noticed a centaur warrior
  8127 | D:10     | Noticed a centaur warrior
  8130 | D:10     | Noticed a tengu warrior
  8134 | D:10     | Killed a centaur warrior
  8134 | D:10     | Noticed a deep elf pyromancer
  8135 | D:10     | HP: 1/109 [centaur warrior/arrow (21)]
  8136 | D:10     | Shot with an arrow by a centaur warrior

Illustrated notes

Levels and vault maps discovered:
D:1:      ncdulo_watergridlock, layout_rooms
D:2:      layout_basic, serial_park_tiny_2, minmay_goblin_outpost
D:3:      layout_rooms, chequers_ecumenical_altar_simple_redux,
          dreamdust_princess_corridor, minmay_cupped
D:4:      layout_loops_ring, nicolae_ru_path_of_blood, st_stairs_5
D:5:      layout_loops_ring, mainiacjoe_overflow_chevrons,
          hangedman_decor_clover_reticule
D:6:      layout_rooms, minmay_temple_entry_wispy, gammafunk_ghost_grave,
          portal_sewer_entry_f, serial_shops, nicolae_shop_crystal,
          serial_bayou_ford_a
D:7:      layout_loops_cross
D:8:      lemuel_slime, layout_loops_ring
D:9:      layout_loops_cross, gammafunk_temple_overflow_statue, serial_shops,
          nicolae_take_the_stairs, minmay_pinched_square
D:10:     minmay_blocky_corners, layout_rooms, orc_0_dummy, enter_bailey_5

Skill      XL: |  1  2  3  4  5  6  7  8  9 10 11 |
---------------+----------------------------------+-----
Unarmed Combat | 1 2 3 4 6 7 9 11 12 13 | 13.2
Fighting       | 2 3 4 5 7 |  7.0
Dodging        | 1 4 5 |  5.4
Shields        | 1 4 5 |  5.8
Short Blades   | |  1.5
Throwing       | |  1.7
Stealth        | |  2.1

Action                   |  1- 3 |  4- 6 |  7- 9 | 10-12 || total
-------------------------+-------+-------+-------+-------++-------
Melee: Unarmed           |    94 |    87 |   274 |   205 ||   660
       Punch             |       |     5 |     6 |       ||    11
 Fire: Sling             |    23 |    72 |    11 |     2 ||   108
Throw: Dart              |       |    14 |    23 |    15 ||    52
       Boomerang         |       |       |       |     3 ||     3
Invok: Sacrifice Words   |       |       |       |     1 ||     1
  Use: Scroll            |       |     3 |    11 |     1 ||    15
       Potion            |       |       |     5 |     9 ||    14
 Stab: Sleeping          |       |       |     3 |     1 ||     4
       Distracted        |       |       |       |     1 ||     1
Armor: Robe              |    20 |    25 |    90 |    30 ||   165
Dodge: Dodged            |    32 |    24 |    82 |    59 ||   197
Block: Kite shield       |       |       |    18 |    56 ||    74

Table legend: (Time is in decaauts)
 A = Elapsed time spent in this place.
 B = Non-inter-level travel time spent in this place.
 C = Inter-level travel time spent in this place.
 D = Time resting spent in this place.
 E = Time spent auto-exploring this place.
 F = Levels seen in this place.
 G = Mean time per level.
                   A        B        C        D        E       F      G
               +--------+--------+--------+--------+--------+-----+--------+
         Total |   8111 |   7768 |    343 |   1749 |   3891 |  11 |  737.4 |
       Dungeon |   7746 |   7403 |    343 |   1731 |   3881 |  10 |  774.6 |
         Sewer |    364 |    364 |      0 |     18 |     10 |   1 |  364.0 |
               +--------+--------+--------+--------+--------+-----+--------+

Top non-repeatable levels by time:
     D:9: 1566 daAuts
     D:6: 1056 daAuts
     D:8: 970 daAuts
     D:5: 829 daAuts
     D:7: 818 daAuts
     D:4: 790 daAuts
     D:3: 596 daAuts
     D:2: 573 daAuts
     D:1: 471 daAuts
   Sewer: 364 daAuts
    D:10: 75 daAuts
